 Dungeon Crawl Stone Soup version 0.32-a0-931-g5a2cda0630 (webtiles) character file.

Game seed: 7119511518327083807

2879 smashvw the Slicer (level 9, -6/44 HPs)
             Began as a Vine Stalker Fighter on Apr 12, 2024.
             Mangled by a boulder beetle (15 damage)
             ... on level 6 of the Dungeon on Apr 13, 2024.
             The game lasted 00:16:14 (5084 turns).

smashvw the Slicer (Vine Stalker Fighter)           Turns: 5084, Time: 00:16:15

Health: -6/44      AC: 12    Str: 23    XL:     9   Next: 76%
Magic:  0/10       EV: 12    Int:  8    God:
Gold:   231        SH:  5    Dex: 14    Spells: 8/8 levels left

rFire   . . .        y - +1 dagger (chaos)
rCold   . . .        c - +0 buckler
rNeg    . . .        i - +0 chain mail
rPois   .            (no helmet)
rElec   .            d - +0 cloak
rCorr   .            B - +0 pair of gloves
SInv    .            A - +0 pair of boots
Will    +....        (no amulet) Stlth
                     l - +5 ring of evasion
HPRegen 1.07/turn    (no ring)
MPRegen 0.12/turn

%: guardian spirit
@: hasted, studying Translocations, very quick
A: fangs 3, regeneration 1, magic shield, antimagic bite, no potion heal 2
a: no special abilities


You were on level 6 of the Dungeon.
You visited 2 branches of the dungeon, and saw 8 of its levels.

You collected 231 gold pieces.

Inventory:

Hand Weapons
 r - a +2 vampiric short sword
 y - a +1 dagger of chaos (weapon)
 C - a +0 spectral dagger
Armour
 c - a +0 buckler (worn)
 d - a +0 cloak (worn)
 i - a +0 chain mail (worn)
 A - a +0 pair of boots (worn)
 B - a +0 pair of gloves (worn)
Jewellery
 g - a ring of fire
 l - a +5 ring of evasion (left hand)
 x - a ring of magical power
Wands
 o - a wand of digging (8)
 s - a wand of mindburst (17)
 w - a wand of flame (11)
Scrolls
 a - a scroll of brand weapon {unknown}
 b - 3 scrolls of identify {unknown}
 e - 2 scrolls of amnesia {unknown}
 h - 2 scrolls of teleportation {unknown}
 j - a scroll of fear {unknown}
 m - a scroll of fog {unknown}
 n - 3 scrolls of revelation
 q - a scroll of immolation {unknown}
 v - 2 scrolls of vulnerability {unknown}
Potions
 k - a potion of attraction {unknown}
 p - 2 potions of enlightenment {unknown}
 t - a potion of mutation {unknown}
 u - a potion of lignification {unknown}
 z - a potion of magic {unknown}
 D - a potion of invisibility {unknown}


   Skills:
 - Level 3.0 Fighting
 + Level 10.9 Short Blades
 - Level 2.4 Armour
 - Level 6.0 Shields


You had 8 spell levels left.
You didn't know any spells.
Your spell library contained the following spells:

 Spells                   Type           Power      Damage    Failure   Level
 Shock                    Conj/Air       0%         1d3       97%         1
 Blink                    Tloc           0%         N/A       99%         2
 Lesser Beckoning         Tloc           0%         N/A       99%         2
 Momentum Strike          Conj/Tloc      0%         3d8       99%         2
 Stone Arrow              Conj/Erth      0%         3d7       100%        3
 Swiftness                Air            0%         N/A       100%        3
 Airstrike                Air            0%         2d(0-16)  100%        4
 Animate Armour           Summ/Erth      0%         N/A       100%        4
 Lehudib's Crystal Spear  Conj/Erth      0%         10d2      100%        8


Dungeon Overview and Level Annotations

Branches:
Dungeon (7/15)             Temple (1/1) D:5

Altars:
Cheibriados
Dithmenos
Elyvilon
Fedhas
Hepliaklqana
Kikubaaqudgha
Makhleb
Nemelex Xobeh
Okawaru
Qazlal
Ru
Sif Muna
Trog
Vehumet
Wu Jian
Xom
Yredelemnul
Lugonu

Annotations:
D:1 1 transporter
D:6 1 runed translucent door, Maxmaps's ghost, novice OpSh


Innate Abilities, Weirdness & Mutations

You have razor-sharp teeth.
Your natural rate of healing is unusually fast.
When hurt, damage is shared between your health and your magic reserves.
Your bite disrupts and absorbs the magic of your enemies.
Potions cannot restore your health.


Message History

b - 3 scrolls labelled KUPNOVV OTOROG (gained 1)
There is an open door here.
There is an open door here.
You open the door.
There is an open door here.
There is an open door here.
The goblin shouts!
The goblin hits you but does no damage.
You hit the goblin. You freeze the goblin.
You kill the goblin!
No target in view!
No target in view!
There is an open door here.
You open the door.
Maxmaps's ghost turns its malevolent gaze towards you.
There is an open door here.
The adder hisses angrily.
The bullfrog gives a loud, deep croak!
Done exploring.
There is an open door here.
There is a stone staircase leading down here.
You climb downwards.
Found a book of Hexes.
Found a stone staircase leading down.
There is a stone staircase leading up here.
The boulder beetle leaps!
The boulder beetle curls into a ball and begins rolling!
You hit the boulder beetle but do no damage.
You bite the boulder beetle, but do no damage.
The boulder beetle hits you!!
Ouch! That really hurt!
The boulder beetle stops rolling and uncurls.
You are too injured to fight recklessly!
You are too injured to fight recklessly!
The boulder beetle bites you!
* * * LOW HITPOINT WARNING * * *
You climb upwards.
Level annotation: 1 runed translucent door, Maxmaps's ghost, novice OpSh
There is a stone staircase leading down here.
You feel yourself speed up. The boulder beetle bites you!
You die...

####################
.....#........#....#
.....#........#.B..#
.....#........#.@..#
...#######....#....#
...#.....#....#....#
...#.#.#.#....#....#
...'.._..#....#....#
...#.#.#.#....'...#######
...#.....#...##...#...).#
#
##'#######...##...'.....#
#
.....#.......#....#.....#
#


You could see a boulder beetle.

Vanquished Creatures
  Eustachio (D:4)
  5 yaks (D:6)
  A water moccasin (D:7)
  A black bear (D:5)
  An ice beast (D:6)
  3 ogres
  A centaur (D:6)
  A phantom (D:3)
  2 kobold brigands
  A gnoll sergeant (D:6)
  2 bullfrogs (D:6)
  A scorpion (D:6)
  3 howler monkeys (D:7)
  2 bombardier beetles
  A crimson imp (D:4)
  A jelly (D:5)
  A centaur zombie (D:3)
  5 hounds
  6 iguanas
  3 orc wizards
  A howler monkey zombie (D:3)
  6 adders
  4 gnolls (D:6)
  A white imp (D:7)
  3 ribbon worms
  3 dart slugs
  10 orcs
  7 ball pythons
  5 bats
  8 endoplasms
  4 giant cockroaches
  8 goblins
  10 hobgoblins
  A jackal (D:4)
  16 kobolds
  2 quokkas
  A ball python zombie (D:3)
  3 frilled lizards
  A quokka zombie (D:3)
  5 rats
141 creatures vanquished.

Vanquished Creatures (others)
  2 yaks (D:6)
2 creatures vanquished.

Grand Total: 143 creatures vanquished

Notes
Turn   | Place    | Note
-------+----------+-------------------------------------------
     0 | D:1      | smashvw the Vine Stalker Fighter began the quest for the
                  | Orb.
     0 | D:1      | Reached XP level 1. HP: 11/11 MP: 2/2
    11 | D:1      | Reached skill level 2 in Short Blades
    15 | D:1      | Reached XP level 2. HP: 9/16 MP: 3/3
   246 | D:1      | Reached XP level 3. HP: 18/20 MP: 4/4
   832 | D:2      | Reached XP level 4. HP: 24/24 MP: 5/5
  1249 | D:3      | Reached skill level 3 in Short Blades
  1262 | D:3      | Found a basalt altar of Yredelemnul.
  1339 | D:3      | Reached XP level 5. HP: 28/28 MP: 6/6
  2139 | D:4      | Noticed an ogre
  2176 | D:4      | Noticed a phantom
  2315 | D:4      | Noticed an ogre
  2397 | D:3      | Killed a phantom
  2398 | D:3      | Reached skill level 4 in Short Blades
  2398 | D:3      | Reached XP level 6. HP: 32/32 MP: 7/7
  2452 | D:4      | Noticed Eustachio
  2465 | D:4      | Killed Eustachio
  2466 | D:4      | Reached skill level 5 in Shields
  2466 | D:4      | Reached XP level 7. HP: 33/36 MP: 8/8
  2500 | D:4      | Found a bloodstained altar of Trog.
  2515 | D:4      | Reached skill level 5 in Short Blades
  2836 | D:4      | Upgraded the game from 0.32-a0-918-g0f22ef8d61 to
                  | 0.32-a0-928-g1cae6b7ea0
  2853 | D:4      | Found a burning altar of Makhleb.
  2854 | D:4      | Found a shimmering altar of Xom.
  2977 | D:5      | Entered Level 5 of the Dungeon
  2977 | D:5      | Found a staircase to the Ecumenical Temple.
  3056 | D:5      | Reached skill level 6 in Short Blades
  3056 | D:5      | Gained mutation: You have razor-sharp teeth. [Vine Stalker
                  | growth]
  3056 | D:5      | Reached XP level 8. HP: 39/40 MP: 9/9
  3111 | D:5      | Found a sacrificial altar of Ru.
  3290 | Temple   | Entered the Ecumenical Temple
  3298 | D:5      | You fall into a shaft and drop 2 floors!
  3305 | D:7      | Upgraded the game from 0.32-a0-928-g1cae6b7ea0 to
                  | 0.32-a0-931-g5a2cda0630
  3339 | D:7      | Reached skill level 7 in Short Blades
  3468 | D:6      | Found a snail-covered altar of Cheibriados.
  3568 | D:6      | Reached skill level 8 in Short Blades
  3575 | D:6      | Found a runed translucent door.
  4031 | D:5      | Found an iron altar of Okawaru.
  4204 | D:5      | Reached XP level 9. HP: 34/44 MP: 6/10
  4347 | D:6      | Reached skill level 9 in Short Blades
  4466 | D:6      | Reached skill level 10 in Short Blades
  4631 | D:6      | Noticed Maxmaps's ghost (novice OpSh)
  4828 | D:6      | Found a shadowy altar of Dithmenos.
  5068 | D:7      | Noticed a boulder beetle
  5084 | D:6      | Mangled by a boulder beetle

Illustrated notes

Levels and vault maps discovered:
D:1:      spicycebolla_arrival_risky_transporter, layout_rooms,
          kennysheep_another_room, minmay_surrounded
D:2:      layout_rooms, corexii_hall_statues_x, kennysheep_donut,
          minmay_misc_feat_pillars
D:3:      layout_basic, nicolae_yredelemnul_corpse_copse, minivault_14,
          nicolae_figureground_sparkle
D:4:      layout_cave_pools, grunt_temple_overflow_champion_of_chaos,
          lemuel_doored_altar, minmay_manual_mess, uniq_eustachio
D:5:      layout_loops_cross, nicolae_ru_great_annihilating_truth,
          hellmonk_okawaru_the_only_friend_you_need,
          minmay_temple_entry_drinking_statues
D:6:      layout_gridville, kennysheep_little_box, cheibrodos_worm_habitat,
          ebering_ghost_sewer_d, corexii_checkpoint, grunt_ministairs_12
D:7:      layout_rooms
Temple:   kb_corrupted_temple

Skill      XL: |  1  2  3  4  5  6  7  8  9 |
---------------+----------------------------+-----
Short Blades   | 2 3 4 6 8 10 | 10.9
Fighting       | 3 |  3.0
Shields        | 3 4 5 6 |  6.0
Armour         | |  2.4

Action                     |  1- 3 |  4- 6 |  7- 9 || total
---------------------------+-------+-------+-------++-------
  Melee: Rapier            |   102 |     3 |       ||   105
         Bite              |    29 |    55 |   114 ||   198
         Short sword       |       |   175 |    72 ||   247
         Dagger            |       |       |   287 ||   287
    Use: Potion            |       |     1 |     2 ||     3
         Scroll            |       |       |     2 ||     2
   Stab: Paralysed         |       |       |     3 ||     3
         Distracted        |       |       |     1 ||     1
         Confused          |       |       |     1 ||     1
 Armour: Scale mail        |    44 |       |       ||    44
         Chain mail        |    30 |    78 |   148 ||   256
  Dodge: Dodged            |    51 |   101 |   130 ||   282
  Block: Buckler           |    16 |    37 |    65 ||   118

Table legend: (Time is in decaauts)
 A = Elapsed time spent in this place.
 B = Non-inter-level travel time spent in this place.
 C = Inter-level travel time spent in this place.
 D = Time resting spent in this place.
 E = Time spent auto-exploring this place.
 F = Levels seen in this place.
 G = Mean time per level.
                   A        B        C        D        E       F      G
               +--------+--------+--------+--------+--------+-----+--------+
         Total |   4950 |   4617 |    333 |    124 |   3304 |   8 |  618.8 |
       Dungeon |   4948 |   4615 |    333 |    124 |   3304 |   7 |  706.9 |
        Temple |      1 |      1 |      0 |      0 |      0 |   1 |    1.0 |
               +--------+--------+--------+--------+--------+-----+--------+

Top non-repeatable levels by time:
     D:3: 1098 daAuts
     D:5: 995 daAuts
     D:6: 872 daAuts
     D:4: 693 daAuts
     D:2: 680 daAuts
     D:1: 468 daAuts
     D:7: 141 daAuts
  Temple: 1 daAuts
